 Dungeon Crawl Stone Soup version 0.20-a0-949-g916514f (webtiles) character file.

877192 Alarkh the Necromancer (level 27, -22/275 HPs)
             Began as a Demonspawn Fighter on Apr 3, 2017.
             Was the Champion of Dithmenos.
             Killed from afar by a hellion (34 damage)
             ... with damnation
             ... in Pandemonium on Apr 4, 2017.
             The game lasted 04:29:13 (81334 turns).

Alarkh the Necromancer (Demonspawn Fighter)        Turns: 81334, Time: 04:29:14

Health: -22/275    AC: 44    Str: 24      XL:     27
Magic:  55/55      EV: 28    Int: 30 (31) God:    Dithmenos [******]
Gold:   8325       SH: 29    Dex: 27 (28) Spells: 7/57 levels left

rFire    + + +     SeeInvis .   a - +18 lance "Wyrmbane" {slay drac, rPois rF+ rC+ AC+3}
rCold    + . .     Gourm    .   h - +2 large shield {AC+3}
rNeg     + . .     Faith    .   S - +5 fire dragon scales {Xtahua}
rPois    +         Spirit   .   D - +0 hat "Ocrobrusm" {rElec rC+}
rElec    +         Reflect  +   J - +2 cloak "Ongarpho" {*Contam rN+ Regen+ Int+5}
rCorr    +         Harm     .   F - +2 pair of gloves {Dex+3}
MR       +++..                  (boots unavailable)
Stlth    ++++++++++             x - amulet of Foolhardiness {Reflect MR+ Str+3 Dex+4 SH+5}
Regen    0.0/turn               s - ring "Urogg" {MP+9 Int+5 Slay+4 Stlth+}
MPRegen  0.4/turn               c - ring "Vemam" {rCorr Str+2 Int+3}

@: mighty, agile, aura of abjuration, sanguine armour, wreathed by umbra,
studying 2 skills
A: hooves 3, horns 1, deterioration 2, high mp 1, powered by death 3, powered by
pain 3, robust 3, shaggy fur 1, inhibited regeneration, weak 2, wild magic 1,
MP-powered wands, sanguine armour 3
}: 7/15 runes: decaying, slimy, silver, abyssal, demonic, fiery, gossamer
a: Shadow Step, Shadow Form, Renounce Religion


You were in Pandemonium.
You worshipped Dithmenos.
Dithmenos was exalted by your worship.
You were very hungry.

You visited 13 branches of the dungeon, and saw 59 of its levels.
You visited Pandemonium 1 time, and saw 3 of its levels.
You visited the Abyss 1 time.
You visited 1 bazaar.
You also visited: Trove and Ice Cave.

You collected 11162 gold pieces.
You spent 2837 gold pieces at shops.

Inventory:

Hand Weapons
 a - the +18 lance "Wyrmbane" (weapon) {slay drac, rPois rF+ rC+ AC+3}
   (You found it on level 1 of the Depths)

   It affects your AC (+3).
   It protects you from fire.
   It protects you from cold.
   It protects you from poison.
 b - the +7 Singing Sword
   (Okawaru gifted it to you on level 5 of the Realm of Zot)
 w - the +0 scimitar of Overwhelming Force {slice, rN+ SInv}
   (You found it on level 3 of the Lair of Beasts)

   It inflicts extra damage upon your enemies.
   It protects you from negative energy.
   It lets you see invisible.
 K - the +6 sword of Cerebov {flame}
   (You took it off Cerebov in Pandemonium)

   It has been specially enchanted to burn those struck by it, causing extra
   injury to most foes and up to half again as much damage against particularly
   susceptible opponents.
   Big, fiery blades are also staple armaments of hydra-hunters.
   Dithmenos disapproves of the use of such an item.
Armour
 h - a +2 large shield of protection (worn)
 D - the +0 hat "Ocrobrusm" (worn) {rElec rC+}
   (You found it on level 3 of the Depths)

   It protects you from cold.
   It insulates you from electricity.
 F - a +2 pair of gloves of dexterity (worn)
 G - the +6 chain mail of the Planets {MR+ Str+4}
   (You found it in Pandemonium)

   It affects your strength (+4).
   It affects your resistance to hostile enchantments.
 H - the +9 plate armour of Defiance {Int+5 Stlth+}
   (You found it in Pandemonium)

   It affects your intelligence (+5).
   It makes you more stealthy.
 J - the +2 cloak "Ongarpho" (worn) {*Contam rN+ Regen+ Int+5}
   (Okawaru gifted it to you on level 5 of the Lair of Beasts)

   It affects your intelligence (+5).
   It protects you from negative energy.
   It causes magical contamination when unequipped.
   It increases your rate of regeneration.
 L - the +1 robe of Capra {rElec rPois}
   (You took it off an efreet in Pandemonium)

   It insulates you from electricity.
   It protects you from poison.
 S - +5 fire dragon scales (worn) {Xtahua}
Jewellery
 c - the ring "Vemam" (right hand) {rCorr Str+2 Int+3}
   (You found it on level 5 of the Vaults)

   [ring of resist corrosion]

   It affects your strength (+2).
   It affects your intelligence (+3).
 f - an uncursed ring of flight
 s - the ring "Urogg" (left hand) {MP+9 Int+5 Slay+4 Stlth+}
   (You found it on level 3 of the Elven Halls)

   [ring of magical power]

   It affects your intelligence (+5).
   It affects your accuracy and damage with ranged weapons and melee attacks
   (+4).
   It affects your magic capacity (+9).
   It makes you more stealthy.
 x - the amulet of Foolhardiness (around neck) {Reflect MR+ Str+3 Dex+4 SH+5}
   (You found it on level 5 of the Pits of Slime)

   [amulet of reflection]

   It shields you and reflects attacks.
   It affects your strength (+3).
   It affects your dexterity (+4).
   It affects your resistance to hostile enchantments.
   It affects your SH (+5).
Wands
 z - a wand of digging (15/24)
 N - a wand of scattershot (3/9)
Scrolls
 d - 7 scrolls of fog
 e - 3 scrolls of identify
 i - 8 scrolls of fear
 j - 6 scrolls of recharging
 k - 14 scrolls of remove curse
 n - a scroll of enchant weapon
 p - 10 scrolls of teleportation
 r - 3 scrolls of summoning
 B - a scroll of silence
 P - 2 scrolls of magic mapping
 Z - 5 scrolls of blinking
Potions
 g - 2 potions of curing
 l - 7 potions of heal wounds
 t - 7 potions of flight
 u - 6 potions of might
 v - 3 potions of haste
 y - 4 potions of cancellation
 C - 2 potions of agility
 I - 4 potions of berserk rage
 T - 3 potions of invisibility
 W - 6 potions of mutation
Books
 o - a manual of Stealth
 q - the Tome of Intoxication and Evil Magic
   (You found it in Pandemonium)

   Spells                             Type                      Level
   a - Sting                          Conjuration/Poison           1
   b - Sublimation of Blood           Necromancy                   2
   c - Poisonous Vapours              Poison/Air                   2
   d - Animate Dead                   Necromancy                   4
   e - Alistair's Intoxication        Transmutation/Poison         5
   f - Death Channel                  Necromancy                   6
 A - a manual of Ice Magic
 E - a book of Conjurations

   Spells                             Type                      Level
   a - Magic Dart                     Conjuration                  1
   b - Searing Ray                    Conjuration                  2
   c - Dazzling Spray                 Conjuration/Hexes            3
   d - Fulminant Prism                Conjuration/Hexes            4
   e - Force Lance                    Conjuration/Translocation    4
   f - Iskenderun's Mystic Blast      Conjuration                  4
Comestibles
 m - 22 bread rations
 M - a meat ration
 O - a fruit


   Skills:
 - Level 16.4 Fighting
 - Level 16.4 Long Blades
 - Level 14.0 Polearms
 - Level 15.2 Armour
 - Level 15.1 Dodging
 - Level 13.1 Stealth
 * Level 16.5 Shields
 + Level 15.6 Spellcasting
 * Level 14.9 Conjurations
 + Level 5.9 Hexes
 * Level 14.9 Summonings
 - Level 20.3 Necromancy
 + Level 5.6 Translocations
 - Level 17.7 Transmutations
 * Level 13.7 Earth Magic
 - Level 9.0 Invocations


You had 7 spell levels left.
You knew the following spells:

 Your Spells              Type           Power        Failure   Level  Hunger
a - Regeneration          Chrm/Necr      #######...   1%          3    None
b - Blink                 Tloc           N/A          3%          2    None
c - Passwall              Tmut/Erth      ########..   1%          2    None
d - Darkness              Hex            ######....   99%         6    ###....
e - Spellforged Servitor  Conj/Summ      #######...   36%         7    #####..
f - Apportation           Tloc           ######       2%          1    None
g - Iron Shot             Conj/Erth      #######...   12%         6    ###....
h - Summon Butterflies    Summ           #######.     1%          1    None
i - Controlled Blink      Tloc           N/A          100%        8    ######.
j - Tornado               Air            ####......   100%        9    #######
r - Aura of Abjuration    Summ           #######...   1%          5    None


Dungeon Overview and Level Annotations

Branches:
Dungeon (15/15)            Temple (1/1) D:5            Lair (6/6) D:8
  Swamp (4/4) Lair:2       Spider (4/4) Lair:3        Slime (5/5) Lair:5
    Orc (2/2) D:11            Elf (3/3) Orc:2        Vaults (5/5) D:13
  Crypt (3/3) Vaults:3       Tomb (0/3) Crypt:3      Depths (5/5) D:15
   Hell (1/1)                 Dis (0/7) Hell            Geh (0/7) Hell
    Coc (0/7) Hell            Tar (0/7) Hell            Zot (5/5) Depths:5

Altars:
Ashenzari
Cheibriados
Dithmenos
Elyvilon
Fedhas
Gozag
Hepliaklqana
Kikubaaqudgha
Makhleb
Nemelex Xobeh
Okawaru
Qazlal
Ru
Sif Muna
Trog
Uskayaw
Vehumet
Wu Jian
Xom
Yredelemnul
Zin
The Shining One
Beogh
Jiyva

Shops:
D:6 (   D:7 (   D:11 !   D:15 (   Orc:2 *[![   Depths:2 (   Depths:4 ?

Portals:
Hell: Depths:1 Depths:2 Depths:3 Depths:4 Depths:5
Abyss: Depths:4
Pandemonium: Depths:2 Depths:3
Ziggurat: Depths:5


Innate Abilities, Weirdness & Mutations

You have hooves in place of feet.
You regenerate a lot of health from kills.
You are powered by pain.
You are extremely robust. (+30% HP)
When seriously injured, your bleeding wounds create very thick armour. (AC +12)
You have a pair of small horns on your head.
Your body often deteriorates upon taking damage.
You have an increased reservoir of magic. (+10% MP)
You are covered in fur. (AC +1)
You do not regenerate when monsters are visible.
You are very weak. (Str -4)
Your spells are a little harder to cast, but a little more powerful.
You expend magic power (3 MP) to strengthen your wands.


Message History

The hellion gestures at you.
The sphere of damnation explodes!
The damnation engulfs you!
You focus on the pain.
You feel your power returning. The hellion gestures at you.
The sphere of damnation explodes!
The damnation engulfs you!
* * * LOW HITPOINT WARNING * * *
You emit a cloud of dark smoke.
You focus on the pain.
You feel mightier all of a sudden. The hellion gestures at you.
The sphere of damnation explodes!
The damnation engulfs you!
* * * LOW HITPOINT WARNING * * *
The hellion gestures at you.
The sphere of damnation explodes!
The damnation engulfs you!
* * * LOW HITPOINT WARNING * * *
Your body deteriorates!
You feel clumsy.
You focus on the pain.
You feel mightier all of a sudden. The hellion gestures at you.
The sphere of damnation explodes!
The damnation engulfs you!
You die...

#. ... ##.## ###.. #'##
##.## ≈§§..##..#####.##
##
§≈≈≈.......##.#.###.#
§§≈§≈........###.#.#
§≈§≈≈.§§....# ##.##
≈§§§≈≈.§....###.#.##
§.2§§§≈2..§..##.###.##
§[22≈≈§§§@§..........##
§Y22≈≈≈§.#§...#######.#
.222Y≈§§§###.## ###
2222§≈§§§§###
2§≈≈≈§§§§§..#
..§§§§§.....#
§≈≈≈≈.§.....#
≈§≈§≈§......#
§≈≈§§###'####


You could see a hellephant, a blizzard demon and 6 hellions.

Vanquished Creatures
  the Royal Jelly (Slime:5)
  7 ancient liches
  4 orbs of fire
  2 juggernauts
  Mara (Crypt:2)
  Sojobo (Depths:2)
  2 pandemonium lords (Pan)
  Frederick (Vaults:5)
  A caustic shrike (shapeshifter) (Vaults:5)
  Geryon (Hell)
  3 curse toes
  Xtahua (Vaults:2)
  3 caustic shrikes
  4 Killer Klowns
  Jory (Depths:4)
  Nikola (Vaults:2)
  15 golden dragons
  2 bone dragons (Abyss:3)
  2 electric golems
  2 Brimstone Fiends (Pan)
  Jorgrun (Vaults:1)
  13 tentacled monstrosities
  Rupert (D:15)
  24 Orb Guardians (Zot:5)
  12 deep elf blademasters
  11 liches
  19 death cobs
  7 titans
  7 quicksilver dragons
  Asterion (Spider:2)
  4 deep elf master archers
  Murray (Hell)
  17 acid blobs
  9 tentacled starspawn (Abyss:3)
  An Executioner (Abyss:3)
  2 sphinxes
  Frances (D:13)
  3 ancient champions
  2 thorn hunters
  Gastronok (Lair:2)
  9 tengu reavers
  14 storm dragons
  Roxanne (D:15)
  17 shadow dragons
  16 fire giants
  2 revenants
  2 daevas (Abyss:3)
  4 draconian monks
  6 azure jellies
  8 draconian knights
  3 iron dragons
  A warmonger (Pan)
  23 balrugs
  19 vault wardens
  27 frost giants
  7 draconian scorchers
  Aizul (Vaults:1)
  2 orc warlords
  A juggernaut zombie (Depths:3)
  10 deep elf sorcerers
  An angel (Abyss:3)
  8 emperor scorpions
  11 ghost moths
  6 cacodemons
  3 draconian stormcallers
  2 curse skulls (Crypt:3)
  6 draconian shifters
  Louise (Elf:2)
  5 deep elf elementalists
  5 ghouls
  8 war gargoyles
  A spriggan defender (Depths:4)
  7 draconian annihilators
  6 reapers
  6 entropy weavers
  14 ironheart preservers
  6 vampire knights
  35 very ugly things
  34 stone giants
  2 corrupters (Abyss:3)
  11 white draconians
  7 red draconians
  The ghost of Duffy the Cleaver, a journeyman DgFi (Lair:5)
  5 deep elf annihilators
  10 green draconians
  10 spark wasps
  2 lorocyprocas (Pan)
  2 black suns (Pan)
  7 deep elf demonologists
  14 purple draconians
  15 yellow draconians
  18 black draconians
  7 death oozes
  5 eidola
  9 blizzard demons
  7 deep elf death magi
  10 deep elf high priests
  4 green deaths
  Snorg (D:10)
  8 ettins
  17 yaktaur captains
  Josephine (Spider:1)
  2 crystal guardians
  13 fire dragons
  2 kraken zombies (Hell)
  7 jiangshi
  16 great orbs of eyes
  18 small abominations
  7 rakshasas
  7 spriggan air magi
  32 vault guards
  A monstrous demonspawn (Abyss:3)
  Fannar (Lair:2)
  19 hydras
  2 naga warriors (Abyss:3)
  15 ice dragons
  An anaconda (Lair:3)
  3 death knights
  An anaconda (shapeshifter) (Vaults:5)
  A ghost crab (Swamp:3)
  A two-headed ogre (shapeshifter) (Depths:1)
  6 alligators
  13 centaur warriors
  61 two-headed ogres
  A satyr (Abyss:3)
  5 death yaks (Lair:5)
  10 deep troll earth magi
  19 tengu warriors
  Urug (D:15)
  19 ogre magi
  6 vampire magi
  The ghost of Voxish the Firebug, a novice OgFE of Vehumet (D:7)
  20 deep troll shamans
  3 thrashing horrors (Abyss:3)
  22 dancing weapons
  7 hell hogs
  10 spriggan berserkers
  3 orc high priests (Orc:2)
  2 iron golems (Hell)
  Sonja (D:10)
  18 soul eaters
  A storm dragon zombie (Vaults:3)
  34 deep elf knights
  47 sun demons
  Nergalle (Lair:2)
  4 shadow wraiths
  11 wretched stars (Abyss:3)
  36 large abominations
  24 hell knights
  10 iron trolls
  3 storm dragon skeletons
  3 anaconda zombies
  35 deep trolls
  7 spatial maelstroms (Abyss:3)
  A sixfirhy (Pan)
  2 unseen horrors
  A golden dragon zombie (Depths:3)
  11 skeletal warriors
  13 flayed ghosts
  A spriggan druid (Swamp:4)
  A tengu zombie (Vaults:5)
  10 glowing orange brains
  26 starcursed masses (Abyss:3)
  3 shambling mangroves
  The ghost of nikopol the Skirmisher, a novice GrBe of Trog (D:9)
  3 wizards
  7 swamp dragons
  13 deep elf archers
  An infernal demonspawn (Pan)
  2 quicksilver dragon simulacra (Depths:3)
  11 harpies
  An orange crystal statue (Elf:2)
  17 phantasmal warriors
  2 harpies (shapeshifter)
  A shadow dragon zombie (Crypt:1)
  23 orc knights
  A wolf spider zombie (Hell)
  A sphinx zombie (Vaults:5)
  18 ironbrand convokers
  12 necromancers
  30 wolf spiders
  A mana viper (Abyss:3)
  18 orb spiders
  An iron dragon zombie (Crypt:1)
  2 fire giant zombies
  A stone giant zombie (Crypt:1)
  A shadow dragon skeleton (Crypt:2)
  A salamander (Abyss:3)
  2 sphinx skeletons
  6 cyclopes
  5 orc sorcerers
  44 ugly things
  An oklob plant (Lair:6)
  A frost giant zombie (Depths:3)
  A salamander (shapeshifter) (Vaults:4)
  A wolf spider (shapeshifter) (Vaults:5)
  57 deep elf magi
  26 moths of wrath
  6 shining eyes
  A moth of wrath (shapeshifter) (Abyss:3)
  3 worldbinders (Abyss:3)
  A dire elephant zombie (Crypt:3)
  3 elephants (Lair:6)
  24 vault sentinels
  A fire giant skeleton (Depths:3)
  15 rust devils
  3 apocalypse crabs (Abyss:3)
  14 smoke demons
  2 guardian serpents (Abyss:3)
  A storm dragon simulacrum (Vaults:1)
  6 gargoyles
  A titan simulacrum (Depths:3)
  A torpor snail (Lair:5)
  A black mamba (shapeshifter) (Depths:2)
  6 black mambas
  Joseph (Lair:1)
  6 ice statues
  9 spiny frogs
  2 stone giant skeletons
  5 centaur skeletons
  9 orange demons
  2 rime drakes
  A green draconian zombie (Crypt:2)
  A rime drake (shapeshifter) (Elf:1)
  A swamp worm zombie (Crypt:1)
  5 hellions
  11 komodo dragons
  76 yaktaurs
  2 human zombies
  20 demonic crawlers
  A hellwing (Abyss:3)
  7 ancient zymes (Abyss:3)
  2 tormentors
  12 freezing wraiths
  3 elf skeletons
  16 efreet
  A golden dragon simulacrum (Vaults:2)
  23 red devils
  5 ice devils
  58 jumping spiders
  6 tengu conjurers
  A hydra zombie (Hell)
  12 trolls
  A pale draconian skeleton (Crypt:2)
  5 polar bears (Lair:6)
  A tengu simulacrum (Vaults:3)
  3 meliai (Spider:2)
  10 tyrant leeches
  An alligator zombie (Crypt:3)
  A tyrant leech (shapeshifter) (Vaults:5)
  A hornet (shapeshifter) (Vaults:3)
  37 hornets
  A fire dragon zombie (Crypt:2)
  9 hippogriffs
  21 blink frogs
  An ettin zombie (Hell)
  A moth of wrath zombie (Crypt:2)
  2 blink frogs (shapeshifter)
  71 slime creatures
  A fire giant simulacrum (Crypt:1)
  13 raiju (Abyss:3)
  15 dream sheep
  2 hippogriffs (shapeshifter)
  5 bog bodies
  A human simulacrum (Vaults:3)
  76 redbacks
  An ice dragon skeleton (Crypt:3)
  11 shadows
  A fire dragon skeleton (Crypt:3)
  A redback (shapeshifter) (Vaults:3)
  An alligator skeleton (Hell)
  27 spriggans
  A spriggan (shapeshifter) (D:15)
  14 air elementals
  9 flying skulls
  26 ynoxinuls
  A spriggan simulacrum (Depths:1)
  8 water elementals
  8 vampires
  Sigmund (D:2)
  2 black mamba zombies
  A tarantella (shapeshifter) (Depths:1)
  25 tarantellas
  2 wyverns
  4 neqoxecs
  16 wraiths
  12 fire elementals
  A hog (Swamp:2)
  5 basilisks
  A basilisk (shapeshifter) (Elf:2)
  8 fire bats
  55 yaks
  A hog (shapeshifter) (D:13)
  19 humans
  A human (shapeshifter) (Vaults:5)
  5 golden eyes
  2 yaktaur simulacra
  15 chaos spawn
  20 vampire mosquitoes
  A merfolk zombie (Crypt:1)
  8 hungry ghosts
  3 spatial vortices (Abyss:3)
  A wind drake skeleton (Crypt:1)
  A swamp worm (shapeshifter) (Vaults:5)
  A glowing shapeshifter zombie (Crypt:1)
  18 swamp worms
  2 soldier ants (shapeshifter) (Vaults:4)
  4 wargs
  A hydra simulacrum (Hell)
  A two-headed ogre zombie (D:11)
  17 insubstantial wisps
  2 soldier ants
  9 water moccasins
  2 spiny frog zombies (Hell)
  16 hell hounds
  4 porcupines
  16 ice beasts
  58 orc warriors
  3 ettin simulacra (Depths:3)
  An ice dragon simulacrum (Crypt:1)
  A snapping turtle zombie (Crypt:3)
  4 black bears
  7 necrophages
  3 phantoms
  18 swamp drakes
  2 sky beasts
  An ogre (shapeshifter) (Depths:3)
  A fire dragon simulacrum (Depths:1)
  A manticore zombie (Crypt:2)
  7 eyes of draining
  A human skeleton (Vaults:2)
  16 boggarts
  59 ogres
  19 wolves (Lair:6)
  12 centaurs
  9 crocodiles
  A big kobold (D:9)
  21 bullfrogs
  A gnoll sergeant (D:7)
  A spiny frog simulacrum (Hell)
  A salamander skeleton (Crypt:2)
  6 scorpions
  3 troll zombies
  18 killer bees
  2 wights
  8 electric eels
  2 howler monkeys (D:4)
  17 crimson imps
  4 centaur zombies
  6 quasits
  A bullfrog zombie (D:13)
  6 jellies
  38 orc priests
  9 hounds
  4 iron imps
  30 orc wizards
  3 bullfrog skeletons
  A demonspawn skeleton (Crypt:2)
  3 iguanas
  Natasha (thrice) (D:1)
  6 hell rats (Lair:3)
  9 worker ants
  5 ogre zombies (D:11)
  A tengu skeleton (Crypt:1)
  A naga skeleton (Crypt:1)
  2 hound zombies (D:6)
  2 hound skeletons
  2 howler monkey zombies (D:5)
  A worker ant zombie (D:11)
  14 adders
  8 gnolls
  8 shadow imps
  14 white imps
  2 ufetubi
  An adder skeleton (D:9)
  3 worms
  2 dart slugs (D:2)
  6 leopard geckos
  109 orcs
  6 giant cockroaches
  9 goblins
  8 hobgoblins
  3 jackals (D:9)
  20 kobolds
  7 quokkas
  2 ball pythons
  3 bats
  14 frilled lizards
  A frilled lizard skeleton (Crypt:2)
  4 goblin zombies (D:11)
  A hobgoblin skeleton (D:11)
  3 hobgoblin zombies (D:11)
  2 jackal skeletons
  3 orc skeletons
  15 orc zombies (D:11)
  8 rats
  3 briar patches
  16 butterflies (Depths:5)
  8 crawling corpses
  4 lurking horrors (Abyss:3)
  2 plants
  3 starspawn tentacles (Abyss:3)
3509 creatures vanquished.

Vanquished Creatures (collateral kills)
  Cerebov (Pan)
  2 hell knights (Abyss:3)
  A guardian serpent (Abyss:3)
  A raiju (Abyss:3)
5 creatures vanquished.

Vanquished Creatures (others)
  An Orb Guardian (Zot:5)
  3 deep elf master archers
  Kirke (Swamp:2)
  A stone giant (D:11)
  A hell hog (Hell)
  2 deep elf knights
  2 shadow wraiths
  A sixfirhy (Pan)
  A glowing orange brain (Vaults:2)
  A deep troll (Depths:5)
  A deep elf archer (Pan)
  2 necromancers
  A deep elf mage (Elf:1)
  A cyclops (D:14)
  An orb spider (Spider:2)
  A black mamba (shapeshifter) (Vaults:1)
  2 jumping spiders
  A redback (Spider:1)
  A fire elemental (Elf:3)
  A hog (Swamp:2)
  4 humans (Swamp:2)
  A neqoxec (Abyss:3)
  A golden eye (Abyss:3)
  An orc warrior (Vaults:5)
  An ettin simulacrum (Depths:3)
  A small abomination (Abyss:3)
  A boggart (Vaults:3)
  A jelly (shapeshifter) (Abyss:3)
  An ooze (shapeshifter) (Vaults:5)
  An orc (D:11)
  3 briar patches
  3 fungi
  A lurking horror (Abyss:3)
  A plant (Lair:6)
  24 starspawn tentacles (Abyss:3)
  8 tentacles (Hell)
  A withered plant (Crypt:3)
80 creatures vanquished.

Grand Total: 3594 creatures vanquished

Notes
Turn   | Place    | Note
-------+----------+-------------------------------------------
     0 | D:1      | Alarkh the Demonspawn Fighter began the quest for the Orb.
     0 | D:1      | Reached XP level 1. HP: 18/18 MP: 1/1
   209 | D:1      | Gained mutation: You regenerate a little health from kills. [demonic ancestry]
   209 | D:1      | Reached XP level 2. HP: 17/24 MP: 2/2
   829 | D:1      | Reached XP level 3. HP: 25/29 MP: 3/3
  1362 | D:2      | Noticed Sigmund
  1378 | D:2      | Killed Sigmund
  1378 | D:2      | Reached skill level 5 in Long Blades
  1378 | D:2      | Gained mutation: When seriously injured, your bleeding wounds create armour. (AC +12) [demonic ancestry]
  1378 | D:2      | Reached XP level 4. HP: 25/35 MP: 4/4
  1378 | D:2      | Reached XP level 5. HP: 29/41 MP: 5/5
  1650 | D:2      | Found an opulent altar of Gozag.
  1779 | D:2      | Noticed Natasha
  2028 | D:1      | Killed Natasha
  2431 | D:1      | Noticed Natasha
  2439 | D:1      | Killed Natasha
  2571 | D:1      | Noticed Natasha
  2578 | D:1      | Killed Natasha
  2578 | D:1      | Gained mutation: You sometimes gain a little power by taking damage. [demonic ancestry]
  2578 | D:1      | Reached XP level 6. HP: 36/47 MP: 6/6
  3073 | D:2      | You fall through a shaft for 2 floors!
  3187 | D:4      | Found a bloodstained altar of Trog.
  3850 | D:3      | Found a sparkling altar of Nemelex Xobeh.
  4465 | D:3      | Found a stormy altar of Qazlal.
  4985 | D:4      | Gained mutation: You have large cloven feet. [demonic ancestry]
  4985 | D:4      | Reached XP level 7. HP: 31/52 MP: 7/7
  5609 | D:4      | Noticed a hippogriff
  5641 | D:4      | Killed a hippogriff
  6090 | D:5      | Entered Level 5 of the Dungeon
  6317 | D:5      | Found a snail-covered altar of Cheibriados.
  6448 | D:5      | Gained mutation: You regenerate health from kills. [demonic ancestry]
  6448 | D:5      | Reached XP level 8. HP: 51/58 MP: 8/8
  6504 | D:5      | Found a staircase to the Ecumenical Temple.
  6522 | Temple   | Entered the Ecumenical Temple
  6651 | Temple   | Became a worshipper of Warmaster Okawaru
  6769 | D:6      | Found a burning altar of Makhleb.
  6919 | D:6      | Got a polished rapier
  6920 | D:6      | Identified the +6 rapier of the Solstice {flame, rElec MR+ Int+3} (You found it on level 6 of the Dungeon)
  7019 | D:6      | Gained mutation: Your muscles are strong. (Str +2) [mutagenic meat]
  7020 | D:6      | Gained mutation: Your magical capacity is low. (-10% MP) [mutagenic meat]
  7021 | D:6      | Gained mutation: You are dopey. (Int -2) [mutagenic meat]
  7114 | D:6      | Found Ostrefuet's Antique Weapon Shoppe.
  7683 | D:6      | Reached skill level 10 in Long Blades
  7995 | D:7      | Reached * piety under Okawaru
  8178 | D:7      | Gained mutation: You have hoof-like feet. [demonic ancestry]
  8178 | D:7      | Reached XP level 9. HP: 50/63 MP: 8/8
  8314 | D:7      | Noticed Voxish's ghost (novice OgFE)
  8356 | D:7      | Noticed a two-headed ogre
  8369 | D:7      | Killed a two-headed ogre
  8369 | D:7      | Reached skill level 1 in Dodging
  8386 | D:7      | Reached ** piety under Okawaru
  8514 | D:7      | Found Upapleon's Antique Weapon Shop.
  8645 | D:8      | Found a staircase to the Lair.
  8813 | D:8      | Reached XP level 10. HP: 71/73 MP: 9/9
  9195 | D:8      | Reached *** piety under Okawaru
  9363 | D:8      | You fall through a shaft for 3 floors!
  9431 | D:11     | Reached skill level 5 in Fighting
  9437 | D:11     | Reached skill level 1 in Invocations
  9470 | D:11     | Reached **** piety under Okawaru
  9554 | D:11     | Reached skill level 5 in Shields
  9622 | D:10     | Entered Level 10 of the Dungeon
  9669 | D:10     | Noticed Sonja
  9669 | D:10     | Noticed Snorg
 10033 | D:9      | Noticed nikopol's ghost (novice GrBe)
 10043 | D:9      | Killed nikopol's ghost
 10043 | D:9      | Received a gift from Okawaru
 10043 | D:9      | Gained mutation: When seriously injured, your bleeding wounds create thick armour. (AC +12) [demonic ancestry]
 10043 | D:9      | Reached XP level 11. HP: 81/81 MP: 12/12
 10094 | D:9      | Reached ***** piety under Okawaru
 10328 | D:9      | Reached skill level 5 in Armour
 10637 | Lair:1   | Entered Level 1 of the Lair of Beasts
 10698 | Lair:1   | Noticed Joseph
 10715 | Lair:1   | Killed Joseph
 10835 | Lair:1   | Received a gift from Okawaru
 11009 | Lair:1   | Reached skill level 5 in Invocations
 11211 | Lair:2   | Noticed Fannar
 11230 | Lair:2   | Killed Fannar
 11347 | Lair:2   | Found a staircase to the Swamp.
 11449 | Lair:2   | Noticed Nergalle
 11469 | Lair:2   | Noticed a spectral orc warlord
 11469 | Lair:2   | Killed Nergalle
 11469 | Lair:2   | Received a gift from Okawaru
 11492 | Lair:2   | Reached skill level 5 in Dodging
 11825 | Lair:2   | Noticed a seven-headed hydra
 12019 | D:10     | Gained mutation: You sometimes gain power by taking damage. [demonic ancestry]
 12019 | D:10     | Reached XP level 12. HP: 91/91 MP: 15/15
 12071 | D:10     | Noticed a two-headed ogre
 12081 | D:10     | Killed a two-headed ogre
 12519 | D:10     | Killed Snorg
 12829 | D:10     | Killed Sonja
 13012 | D:11     | Found a staircase to the Orcish Mines.
 13159 | D:11     | Found Sesommy's Distillery.
 13188 | D:11     | Bought a potion of might for 52 gold pieces
 13188 | D:11     | Bought a potion of haste for 130 gold pieces
 13188 | D:11     | Bought a potion of haste for 130 gold pieces
 13188 | D:11     | Bought a potion of might for 52 gold pieces
 13188 | D:11     | Bought a potion of agility for 52 gold pieces
 13188 | D:11     | Bought a potion of berserk rage for 65 gold pieces
 13188 | D:11     | Bought a potion of resistance for 130 gold pieces
 13284 | D:11     | Received a gift from Okawaru
 13303 | D:11     | Got a crude robe {god gift}
 13363 | D:11     | Identified the +3 robe "Peno" {-Tele rPois rN+ Dex+6} (Okawaru gifted it to you on level 11 of the Dungeon)
 14673 | D:12     | Noticed a two-headed ogre
 14684 | D:12     | Killed a two-headed ogre
 14945 | D:12     | Reached XP level 13. HP: 64/98 MP: 17/17
 15097 | Orc:1    | Entered Level 1 of the Orcish Mines
 15100 | Orc:1    | Found a frozen archway.
 15157 | IceCv    | Entered an ice cave
 15435 | IceCv    | Got smoking ice dragon scales
 15440 | IceCv    | Identified the Papyrus of Toxic Lightness
 15521 | IceCv    | Gained mutation: Your spells are a little easier to cast, but a little less powerful. [mutagenic meat]
 15522 | IceCv    | Lost mutation: Your spells are a little easier to cast, but a little less powerful. [mutagenic meat]
 15523 | IceCv    | Gained mutation: You have a pair of small horns on your head. [mutagenic meat]
 15524 | IceCv    | Gained mutation: Your body sometimes deteriorates upon taking damage. [mutagenic meat]
 15525 | IceCv    | Lost mutation: Your muscles are strong. (Str +2) [potion of mutation]
 15525 | IceCv    | Lost mutation: Your magical capacity is low. (-10% MP) [potion of mutation]
 15525 | IceCv    | Lost mutation: Your body sometimes deteriorates upon taking damage. [potion of mutation]
 15525 | IceCv    | Lost mutation: You are dopey. (Int -2) [potion of mutation]
 15525 | IceCv    | Gained mutation: You expend magic power (3 MP) to strengthen your wands. [potion of mutation]
 15525 | IceCv    | Gained mutation: You are resistant to electric shocks. (rElec) [potion of mutation]
 15800 | Orc:1    | Identified the cursed +0 ice dragon scales "Yceog" {rF- rC++ rN+ Dex+4} (You found it in an ice cave)
 15840 | Orc:2    | Entered Level 2 of the Orcish Mines
 15843 | Orc:2    | Noticed an orc warlord
 15952 | Orc:1    | Killed an orc warlord
 15952 | Orc:1    | Received a gift from Okawaru
 16300 | Orc:2    | Found Yguzyu's Distillery.
 16300 | Orc:2    | Found Pooxzok's Armour Emporium.
 16658 | Orc:2    | Found a staircase to the Elven Halls.
 16679 | Orc:2    | Received a gift from Okawaru
 16680 | Orc:2    | Got a transparent scale mail {god gift}
 16832 | Orc:2    | Found Geimeyn's General Store.
 16832 | Orc:2    | Found Carghuc's Antique Armour Emporium.
 16979 | Orc:1    | Found a roughly hewn altar of Beogh.
 17160 | Orc:2    | Bought a potion of curing for 30 gold pieces
 17160 | Orc:2    | Bought a scroll of enchant armour for 75 gold pieces
 17161 | Orc:2    | Bought a polished scale mail for 270 gold pieces
 17161 | Orc:2    | Bought a glowing scarf for 240 gold pieces
 17183 | Orc:2    | Identified the +0 scale mail "Kodiseudeph" {-Cast MR- Str+9 Stlth+} (Okawaru gifted it to you on level 2 of the Orcish Mines)
 17195 | Orc:2    | Identified the +6 scale mail "Quh Maekh" {rF- rC+ Regen+} (You bought it in a shop on level 2 of the Orcish Mines)
 17406 | Lair:3   | Found a hole to the Spider Nest.
 17508 | Lair:2   | Noticed Gastronok
 17630 | Lair:2   | Lost mutation: You have a pair of small horns on your head. [potion of mutation]
 17630 | Lair:2   | Lost mutation: You are resistant to electric shocks. (rElec) [potion of mutation]
 17630 | Lair:2   | Lost mutation: You expend magic power (3 MP) to strengthen your wands. [potion of mutation]
 17630 | Lair:2   | Gained mutation: You possess an exceptional clarity of mind. [potion of mutation]
 17630 | Lair:2   | Gained mutation: Your mind is acute. (Int +2) [potion of mutation]
 17650 | Lair:2   | Learned a level 3 spell: Regeneration
 17653 | Lair:2   | Learned a level 2 spell: Blink
 18216 | Lair:3   | Got an encrusted scimitar
 18217 | Lair:3   | Identified the +0 scimitar of Overwhelming Force {slice, rN+ SInv} (You found it on level 3 of the Lair of Beasts)
 19073 | Lair:5   | Found a staircase to the Slime Pits.
 19369 | Lair:5   | Reached skill level 15 in Long Blades
 19369 | Lair:5   | Reached XP level 14. HP: 73/108 MP: 20/20
 19431 | Lair:5   | Found an ancient bone altar of Kikubaaqudgha.
 19745 | Lair:5   | Received a gift from Okawaru
 19746 | Lair:5   | Got a faintly glowing cloak {god gift}
 19757 | Lair:5   | Identified the +2 cloak "Ongarpho" {*Contam rN+ Regen+ Int+5} (Okawaru gifted it to you on level 5 of the Lair of Beasts)
 19794 | Lair:5   | Noticed Duffy's ghost (journeyman DgFi)
 19813 | Lair:5   | Killed Duffy's ghost
 20158 | Lair:6   | Entered Level 6 of the Lair of Beasts
 20474 | Lair:6   | Identified a scroll of acquirement
 20760 | Lair:6   | Paralysed by a hornet for 2 turns
 20783 | Lair:6   | Got a shimmering amber ring
 20791 | Lair:6   | Identified the ring of Oqoth {Wiz rElec rC+ Slay-3} (You took it off a spriggan on level 6 of the Lair of Beasts)
 21324 | Lair:6   | Reached skill level 10 in Fighting
 21974 | Lair:2   | Killed Gastronok
 21974 | Lair:2   | Received a gift from Okawaru
 22050 | Lair:2   | Got a slimy tin ring
 22052 | Lair:2   | Identified the ring of Neurchen {Fire rN+} (You acquired it on level 2 of the Lair of Beasts)
 22387 | D:7      | Killed Voxish's ghost
 22882 | D:13     | Noticed Frances
 22896 | D:13     | Killed Frances
 23120 | D:13     | Reached XP level 15. HP: 110/115 MP: 21/21
 23453 | D:13     | Got a scorched chain mail
 23464 | D:13     | Identified the +1 chain mail of Houqot {MR+ Int+4} (You found it on level 13 of the Dungeon)
 23668 | D:13     | Received a gift from Okawaru
 23729 | D:13     | Found a gate to the Vaults.
 25482 | D:15     | Entered Level 15 of the Dungeon
 25494 | D:15     | Noticed Urug
 25503 | D:15     | Killed Urug
 25870 | D:15     | Noticed Rupert
 25896 | D:15     | Killed Rupert
 25896 | D:15     | Reached skill level 10 in Armour
 25941 | D:15     | Found Botsecaf's Antique Weapon Boutique.
 26275 | D:15     | Noticed Roxanne
 26442 | D:15     | Killed Roxanne
 26609 | D:15     | Found a staircase to the Depths.
 26923 | D:15     | Received a gift from Okawaru
 26929 | D:15     | Reached skill level 10 in Shields
 27119 | Spider:1 | Entered Level 1 of the Spider Nest
 27440 | Spider:1 | Reached skill level 10 in Dodging
 27440 | Spider:1 | Gained mutation: You regenerate a lot of health from kills. [demonic ancestry]
 27440 | Spider:1 | Reached XP level 16. HP: 111/126 MP: 22/22
 27478 | Spider:1 | Noticed Josephine
 27495 | Spider:1 | Killed Josephine
 27933 | Spider:1 | Reached ****** piety under Okawaru
 28424 | Spider:2 | Received a gift from Okawaru
 28427 | Spider:2 | Got a shimmering scarf {god gift}
 28433 | Spider:2 | Identified the scarf of Misain {MR+ Str+2 Dex+2} (Okawaru gifted it to you on level 2 of the Spider Nest)
 29573 | Spider:3 | Noticed Asterion
 29625 | Spider:2 | Killed Asterion
 30366 | Spider:4 | Entered Level 4 of the Spider Nest
 30464 | Spider:4 | Received a gift from Okawaru
 30512 | Spider:4 | Got a pair of distressingly furry boots {god gift}
 30518 | Spider:4 | Identified the +1 pair of boots of Tenacity {rC+ MP+9 Int-3 Dex+7} (Okawaru gifted it to you on level 4 of the Spider Nest)
 30671 | Spider:4 | Reached XP level 17. HP: 135/135 MP: 23/23
 31709 | Spider:4 | Got a gossamer rune of Zot
 31994 | Swamp:1  | Entered Level 1 of the Swamp
 32609 | Swamp:1  | Learned a level 2 spell: Passwall
 32617 | Swamp:1  | Learned a level 6 spell: Darkness
 32936 | Swamp:2  | Received a gift from Okawaru
 32944 | Swamp:2  | Got a pair of twisted boots {god gift}
 32956 | Swamp:2  | Identified the +2 pair of boots of Supple Strength {MR+} (Okawaru gifted it to you on level 2 of the Swamp)
 33173 | Swamp:2  | Noticed Kirke
 33197 | Swamp:2  | Killed Kirke
 34590 | Swamp:4  | Entered Level 4 of the Swamp
 34810 | Swamp:4  | Gained mutation: You have hooves in place of feet. [demonic ancestry]
 34810 | Swamp:4  | Reached XP level 18. HP: 145/145 MP: 24/24
 34936 | Swamp:4  | Received a gift from Okawaru
 34981 | Swamp:4  | Received a gift from Okawaru
 34982 | Swamp:4  | Got a shimmering long sword {god gift}
 34983 | Swamp:4  | Identified the +1 long sword of Corporal Punishment {slice, rPois} (Okawaru gifted it to you on level 4 of the Swamp)
 35100 | Swamp:4  | Got a decaying rune of Zot
 35788 | Vaults:1 | Entered Level 1 of the Vaults
 36118 | Vaults:1 | Received a gift from Okawaru
 36299 | Vaults:1 | Noticed Jorgrun
 36315 | Vaults:1 | Killed Jorgrun
 36900 | Vaults:1 | Noticed Aizul
 36900 | Vaults:1 | Received a gift from Okawaru
 36901 | Vaults:1 | Got a jewelled eveningstar {god gift}
 36902 | Vaults:1 | Identified the +12 eveningstar of Tafegait {elec, rF+ Int+3} (Okawaru gifted it to you on level 1 of the Vaults)
 36928 | Vaults:1 | Killed Aizul
 37462 | Vaults:1 | Gained mutation: When seriously injured, your bleeding wounds create very thick armour. (AC +12) [demonic ancestry]
 37462 | Vaults:1 | Reached XP level 19. HP: 151/154 MP: 25/25
 37473 | Vaults:1 | Reached skill level 15 in Fighting
 37580 | Vaults:2 | Received a gift from Okawaru
 37637 | Vaults:2 | Noticed Xtahua
 37670 | Vaults:2 | Killed Xtahua
 37925 | Vaults:2 | Found a flickering gateway to a bazaar.
 37970 | Bazaar   | Entered a bazaar
 37971 | Bazaar   | Found Nolucuw's Magic Scroll Emporium.
 37980 | Bazaar   | Found Rufiekk's Book Boutique.
 37984 | Bazaar   | Found Toptej's Antique Weapon Emporium.
 38006 | Bazaar   | Found Zackemog's Jewellery Emporium.
 38056 | Bazaar   | Bought the ring "Joemig" {rElec rF+ Int+6} for 670 gold pieces
 38087 | Bazaar   | Bought a scroll of enchant armour for 127 gold pieces
 38087 | Bazaar   | Bought a scroll of identify for 34 gold pieces
 38087 | Bazaar   | Bought a scroll of identify for 34 gold pieces
 38087 | Bazaar   | Bought a scroll of enchant weapon for 127 gold pieces
 38087 | Bazaar   | Bought a scroll of blinking for 127 gold pieces
 38087 | Bazaar   | Bought a scroll of identify for 34 gold pieces
 38087 | Bazaar   | Bought a scroll of identify for 34 gold pieces
 38550 | Vaults:2 | Found an opulent altar of Gozag.
 38892 | Vaults:2 | Noticed Nikola
 38910 | Vaults:2 | Killed Nikola
 38910 | Vaults:2 | Received a gift from Okawaru
 39932 | Vaults:3 | Reached XP level 20. HP: 161/164 MP: 26/26
 40245 | Vaults:3 | Received a gift from Okawaru
 40751 | Vaults:3 | Found a staircase to the Crypt.
 40751 | Vaults:3 | Found a basalt altar of Yredelemnul.
 40752 | Vaults:3 | Found an ancient bone altar of Kikubaaqudgha.
 41057 | Vaults:4 | Reached skill level 15 in Armour
 41100 | Vaults:4 | Received a gift from Okawaru
 41450 | Vaults:4 | Reached skill level 15 in Dodging
 41485 | Vaults:4 | Reached skill level 1 in Transmutations
 41488 | Vaults:4 | Reached skill level 1 in Necromancy
 41492 | Vaults:4 | Reached skill level 15 in Shields
 41500 | Vaults:4 | Reached skill level 2 in Necromancy
 42155 | Vaults:4 | Reached skill level 1 in Spellcasting
 42189 | Vaults:4 | Received a gift from Okawaru
 42277 | Vaults:4 | Reached skill level 3 in Necromancy
 42376 | Vaults:4 | Reached skill level 4 in Necromancy
 42556 | Vaults:4 | Received a gift from Okawaru
 42634 | Vaults:4 | Reached skill level 5 in Necromancy
 42671 | Vaults:4 | Gained mutation: Your body sometimes deteriorates upon taking damage. [a neqoxec]
 43469 | Depths:1 | Entered Level 1 of the Depths
 43480 | Depths:1 | Reached skill level 5 in Transmutations
 43510 | Depths:1 | Reached XP level 21. HP: 151/172 MP: 27/27
 43709 | Depths:1 | Reached skill level 6 in Necromancy
 43958 | Depths:1 | Received a gift from Okawaru
 43985 | Depths:1 | Found a portal to a secret trove of treasure.
 44012 | Depths:1 | Found a gateway to Hell.
 44393 | Depths:1 | Reached skill level 7 in Necromancy
 44579 | Depths:1 | Found a runed door.
 44889 | Depths:2 | Noticed a caustic shrike
 44897 | Depths:2 | Killed a caustic shrike
 44897 | Depths:2 | Reached skill level 8 in Necromancy
 44970 | Depths:2 | Noticed Sojobo
 45000 | Depths:2 | Killed Sojobo
 45000 | Depths:2 | Reached skill level 9 in Necromancy
 45012 | Depths:2 | Received a gift from Okawaru
 45161 | Depths:2 | Found a one-way gate leading to the halls of Pandemonium.
 45273 | Depths:2 | Found Ruituf's Weapon Shop.
 45510 | Depths:2 | Reached skill level 5 in Spellcasting
 45909 | Depths:2 | Reached skill level 10 in Necromancy
 46048 | Depths:3 | Reached XP level 22. HP: 179/179 MP: 30/30
 46089 | Depths:3 | Found a hazy altar of Hepliaklqana.
 46121 | Depths:3 | Noticed a juggernaut
 46173 | Depths:3 | Killed a juggernaut
 46643 | Depths:3 | Found a snail-covered altar of Cheibriados.
 46728 | Depths:3 | Reached skill level 11 in Necromancy
 46736 | Depths:3 | Received a gift from Okawaru
 46828 | Depths:3 | Identified the Incunabulum of Cloudy Talismans
 46903 | Depths:3 | Reached skill level 10 in Transmutations
 46992 | Depths:3 | Found a basalt altar of Yredelemnul.
 47190 | Depths:3 | Reached skill level 12 in Necromancy
 47258 | Hell     | Entered the Vestibule of Hell
 47271 | Hell     | Noticed Geryon
 47315 | Hell     | Killed Geryon
 47430 | Depths:3 | Got a wavering brass amulet
 47434 | Depths:3 | Identified the amulet of Sin {-Tele +Rage rPois Dex+5} (You took it off a tengu warrior on level 3 of the Depths)
 47435 | Depths:3 | Got a flickering iron amulet
 47436 | Depths:3 | Identified the amulet "Cuoph" {Faith +Fly rN+ Slay+2} (You took it off a tengu warrior on level 3 of the Depths)
 47501 | Depths:3 | Got a fine hat
 47563 | Depths:3 | Received a gift from Okawaru
 47609 | Depths:3 | Reached skill level 13 in Necromancy
 47660 | Depths:3 | Noticed a golden dragon
 47681 | Depths:3 | Killed a golden dragon
 47681 | Depths:3 | Gained mutation: You are robust. (+10% HP) [demonic ancestry]
 47681 | Depths:3 | Reached XP level 23. HP: 141/203 MP: 34/34
 47779 | Depths:3 | Identified the cursed +0 hat "Ocrobrusm" {rElec rC+} (You found it on level 3 of the Depths)
 47904 | Hell     | Found a gateway to the ashen valley of Gehenna.
 48200 | Hell     | Noticed Murray
 48224 | Hell     | Killed Murray
 48369 | Hell     | Received a gift from Okawaru
 48436 | Hell     | Found a gateway to the decaying netherworld of Tartarus.
 48482 | Hell     | Reached skill level 14 in Necromancy
 48662 | Depths:3 | Found a deep blue altar of Sif Muna.
 48705 | Depths:3 | Got a shimmering scarf
 48706 | Depths:3 | Identified the scarf "Unumebb" {+Inv rF+++ Dex-2 Slay+3} (You acquired it on level 3 of the Depths)
 49377 | Hell     | Found a gateway to the Iron City of Dis.
 49487 | Hell     | Reached skill level 1 in Polearms
 49493 | Hell     | Found a gateway to the freezing wastes of Cocytus.
 49726 | Depths:4 | Found Daseocsata's Magic Scroll Emporium.
 49742 | Depths:4 | Bought a scroll of blinking for 187 gold pieces
 49742 | Depths:4 | Bought a scroll of recharging for 237 gold pieces
 50028 | Depths:4 | Found a one-way gate to the infinite horrors of the Abyss.
 50191 | Depths:4 | Reached skill level 5 in Polearms
 50233 | Depths:4 | Noticed a juggernaut
 50251 | Depths:4 | Killed a juggernaut
 50346 | Depths:4 | Noticed a caustic shrike
 50373 | Depths:4 | Killed a caustic shrike
 50524 | Depths:4 | Received a gift from Okawaru
 50954 | Depths:4 | Noticed a caustic shrike
 50970 | Depths:4 | Killed a caustic shrike
 51226 | Depths:5 | Entered Level 5 of the Depths
 51342 | Depths:5 | Noticed Jory
 51385 | Depths:4 | Killed Jory
 51526 | Depths:5 | Reached skill level 10 in Polearms
 51526 | Depths:5 | Gained mutation: You are very robust. (+20% HP) [demonic ancestry]
 51526 | Depths:5 | Reached XP level 24. HP: 173/231 MP: 35/35
 51563 | Depths:5 | Received a gift from Okawaru
 51564 | Depths:5 | Got a warped ring mail {god gift}
 51615 | Depths:4 | Identified the +1 ring mail of an ice cave {Int+7} (Okawaru gifted it to you on level 5 of the Depths)
 51867 | Depths:5 | Found a huge runed gate.
 51867 | Depths:5 | Found a huge runed gate.
 52111 | Depths:5 | Found a huge runed gate.
 52111 | Depths:5 | Found a huge runed gate.
 52111 | Depths:5 | Found a huge runed gate.
 52111 | Depths:5 | Found a huge runed gate.
 52111 | Depths:5 | Found a huge runed gate.
 52111 | Depths:5 | Found a huge runed gate.
 52111 | Depths:5 | Found a huge runed gate.
 52112 | Depths:5 | Found a huge runed gate.
 52112 | Depths:5 | Found a huge runed gate.
 52112 | Depths:5 | Found a huge runed gate.
 52119 | Depths:5 | Found a huge runed gate.
 52119 | Depths:5 | Found a huge runed gate.
 52119 | Depths:5 | Found a huge runed gate.
 52119 | Depths:5 | Found a huge runed gate.
 52120 | Depths:5 | Found a huge runed gate.
 52142 | Depths:5 | Found a gate to the Realm of Zot.
 52387 | Depths:5 | Found a huge runed gate.
 52387 | Depths:5 | Found a huge runed gate.
 52387 | Depths:5 | Found a huge runed gate.
 52387 | Depths:5 | Found a huge runed gate.
 52394 | Depths:5 | Found a huge runed gate.
 52394 | Depths:5 | Found a huge runed gate.
 52394 | Depths:5 | Found a huge runed gate.
 52394 | Depths:5 | Found a huge runed gate.
 52394 | Depths:5 | Found a huge runed gate.
 52394 | Depths:5 | Found a huge runed gate.
 52395 | Depths:5 | Found a huge runed gate.
 52396 | Depths:5 | Found a huge runed gate.
 52397 | Depths:5 | Found a huge runed gate.
 52405 | Depths:5 | Found a huge runed gate.
 52405 | Depths:5 | Found a huge runed gate.
 52405 | Depths:5 | Found a huge runed gate.
 52405 | Depths:5 | Found a huge runed gate.
 52487 | Depths:5 | Found a gateway to a ziggurat.
 52801 | Depths:5 | Found a huge runed gate.
 52806 | Depths:5 | Found a huge runed gate.
 53441 | Elf:1    | Entered Level 1 of the Elven Halls
 53910 | Elf:1    | Received a gift from Okawaru
 54261 | Elf:1    | Identified Zeopaan's Almanac of Combat Magic
 54329 | Elf:2    | Noticed Louise
 54330 | Elf:2    | Received a gift from Okawaru
 54367 | Elf:2    | Killed Louise
 54398 | Elf:2    | Found a runed gate.
 54612 | Elf:2    | Found a runed gate.
 54613 | Elf:2    | Found a runed gate.
 55346 | Elf:3    | Entered Level 3 of the Elven Halls
 55346 | Elf:3    | Found a radiant altar of Vehumet.
 55537 | Elf:3    | Received a gift from Okawaru
 55538 | Elf:3    | Got a distressingly furry buckler {god gift}
 55549 | Elf:3    | Identified the +0 buckler "Yfyir" {*Corrode +Fly Dex+6 Slay+3} (Okawaru gifted it to you on level 3 of the Elven Halls)
 56369 | Elf:3    | Reached skill level 15 in Necromancy
 56592 | Elf:3    | Got a steaming brass ring
 56593 | Elf:3    | Identified the ring "Letaadiu" {rElec rF+ rN+ Str+2} (You found it on level 3 of the Elven Halls)
 56650 | Elf:3    | Gained mutation: You are powered by pain. [demonic ancestry]
 56650 | Elf:3    | Reached XP level 25. HP: 151/238 MP: 36/36
 56732 | Elf:3    | Got a dazzling ring mail
 56750 | Elf:3    | Got a slimy jade ring
 56752 | Elf:3    | Identified the ring "Urogg" {MP+9 Int+5 Slay+4 Stlth+} (You found it on level 3 of the Elven Halls)
 56763 | Elf:3    | Identified the cursed +1 ring mail of Wrong Decisions {rF- Str+9 Int+3 Slay+5} (You found it on level 3 of the Elven Halls)
 57495 | Hell     | Learned a level 1 spell: Summon Butterflies
 57497 | Hell     | Learned a level 1 spell: Apportation
 57799 | Vaults:5 | Entered Level 5 of the Vaults
 58233 | Vaults:5 | Was placed under penance by Okawaru
 58240 | Vaults:5 | Reached skill level 10 in Spellcasting
 58281 | Vaults:5 | Reached skill level 16 in Necromancy
 58325 | Vaults:5 | Noticed an ancient lich
 58365 | Vaults:5 | Killed an ancient lich
 58396 | Vaults:5 | Noticed Frederick
 58412 | Vaults:5 | Was forgiven by Okawaru
 58522 | Vaults:5 | Reached skill level 17 in Necromancy
 58533 | Vaults:5 | Killed Frederick
 58547 | Vaults:5 | Received a gift from Okawaru
 58562 | Vaults:5 | Reached skill level 15 in Transmutations
 58578 | Vaults:5 | Paralysed by a sphinx for 2 turns
 58711 | Vaults:5 | Noticed a shard shrike
 58716 | Vaults:5 | a shard shrike changed into a caustic shrike
 58722 | Vaults:5 | Gained mutation: You are extremely robust. (+30% HP) [demonic ancestry]
 58722 | Vaults:5 | Reached XP level 26. HP: 228/267 MP: 38/38
 58728 | Vaults:5 | Received a gift from Okawaru
 58729 | Vaults:5 | Got a heavily runed scale mail {god gift}
 58730 | Vaults:5 | Identified the +8 scale mail of the Orcish Mines {rElec Regen+} (Okawaru gifted it to you on level 5 of the Vaults)
 59169 | Vaults:5 | Got a silver rune of Zot
 59551 | Vaults:5 | Reached skill level 18 in Necromancy
 59735 | Vaults:5 | Got a scintillating iron ring
 59760 | Vaults:5 | Got an ancient brass ring
 59794 | Vaults:5 | Identified the ring of the Leaf {Wiz rPois Str+3 Int+6} (You found it on level 5 of the Vaults)
 60119 | Vaults:5 | Identified the ring "Vemam" {rCorr Str+2 Int+3} (You found it on level 5 of the Vaults)
 60149 | Vaults:5 | Got a fine ring mail
 60150 | Vaults:5 | Identified the +3 ring mail of the Mantidfly {rF+ MR+} (You found it on level 5 of the Vaults)
 60175 | Vaults:5 | Got a distressingly furry scale mail
 60176 | Vaults:5 | Identified the +2 scale mail of Atheism {Str+2} (You found it on level 5 of the Vaults)
 60300 | Crypt:1  | Entered Level 1 of the Crypt
 61500 | Crypt:2  | Noticed Mara
 61517 | Crypt:2  | Killed Mara
 61737 | Crypt:2  | Received a gift from Okawaru
 61759 | Crypt:3  | Entered Level 3 of the Crypt
 61808 | Crypt:2  | Got a clouded zirconium amulet
 62348 | Crypt:3  | Reached skill level 19 in Necromancy
 62617 | Crypt:3  | Identified the amulet of Psychosis {Reflect Dex+2 SH+3} (You found it on level 2 of the Crypt)
 62702 | Crypt:3  | Found a staircase to the Tomb.
 63270 | Crypt:3  | Found an ancient bone altar of Kikubaaqudgha.
 63328 | Crypt:3  | Identified the Catalogue of Toxins and Curses
 63337 | Crypt:3  | Noticed an ancient lich
 63353 | Crypt:3  | Killed an ancient lich
 63380 | Crypt:3  | Learned a level 5 spell: Aura of Abjuration
 63502 | Crypt:3  | Lost mutation: Your body sometimes deteriorates upon taking damage. [potion of mutation]
 63502 | Crypt:3  | Lost mutation: You possess an exceptional clarity of mind. [potion of mutation]
 63502 | Crypt:3  | Lost mutation: Your mind is acute. (Int +2) [potion of mutation]
 63502 | Crypt:3  | Gained mutation: Your body sometimes deteriorates upon taking damage. [potion of mutation]
 63502 | Crypt:3  | Gained mutation: Your spells are a little harder to cast, but a little more powerful. [potion of mutation]
 63502 | Crypt:3  | Gained mutation: You have an increased reservoir of magic. (+10% MP) [potion of mutation]
 63687 | Crypt:3  | Received a gift from Okawaru
 64321 | Hell     | Learned a level 6 spell: Iron Shot
 64329 | Hell     | Learned a level 7 spell: Spellforged Servitor
 64641 | Zot:1    | Entered Level 1 of the Realm of Zot
 64641 | Zot:1    | Found a burning altar of Makhleb.
 64960 | Zot:1    | Reached XP level 27. HP: 273/275 MP: 43/43
 64961 | Zot:1    | Noticed an orb of fire
 64971 | Zot:1    | Gained mutation: You expend magic power (3 MP) to strengthen your wands. [an orb of fire]
 64978 | Zot:1    | Killed an orb of fire
 65119 | Zot:1    | Reached skill level 20 in Necromancy
 65844 | Zot:2    | Reached skill level 1 in Conjurations
 65853 | Zot:2    | Reached skill level 1 in Summonings
 65877 | Zot:2    | Reached skill level 1 in Earth Magic
 65903 | Zot:2    | Received a gift from Okawaru
 65980 | Zot:2    | Reached skill level 1 in Stealth
 66837 | Zot:3    | Reached skill level 5 in Summonings
 67066 | Zot:3    | Reached skill level 5 in Conjurations
 67129 | Zot:3    | Received a gift from Okawaru
 67130 | Zot:3    | Got a smoking scale mail {god gift}
 67131 | Zot:3    | Identified the +0 scale mail of Okawaru's Supremacy {+Inv} (Okawaru gifted it to you on level 3 of the Realm of Zot)
 67189 | Zot:3    | Reached skill level 5 in Earth Magic
 67455 | Zot:3    | Reached skill level 5 in Stealth
 67498 | Zot:3    | Lost mutation: Your spells are a little harder to cast, but a little more powerful. [mutagenic meat]
 67499 | Zot:3    | Gained mutation: You are covered in fur. (AC +1) [mutagenic meat]
 67500 | Zot:3    | Gained mutation: You are clumsy. (Dex -2) [mutagenic meat]
 67501 | Zot:3    | Gained mutation: Your muscles are strong. (Str +2) [mutagenic meat]
 67503 | Zot:3    | Gained mutation: Your muscles are very strong. (Str +4) [mutagenic meat]
 68092 | Zot:4    | Received a gift from Okawaru
 68163 | Zot:4    | Gained mutation: Your mind is acute. (Int +2) [mutagenic meat]
 68631 | Zot:4    | Received a gift from Okawaru
 68632 | Zot:4    | Got a polished spear {god gift}
 68633 | Zot:4    | Identified the +1 spear of Inconvenience {freeze, +Blink rN+ MR- Int+2} (Okawaru gifted it to you on level 4 of the Realm of Zot)
 68846 | Zot:5    | Entered Level 5 of the Realm of Zot
 68866 | Zot:5    | Gained mutation: Your flesh is cold resistant. (rC+) [mutagenic meat]
 69132 | Zot:5    | Noticed an ancient lich
 69151 | Zot:5    | Killed an ancient lich
 69542 | Zot:5    | Learned a level 8 spell: Controlled Blink
 69589 | Zot:5    | Noticed an ancient lich
 69616 | Zot:5    | Killed an ancient lich
 69661 | Zot:5    | Noticed an orb of fire
 69673 | Zot:5    | Gained mutation: You are very clumsy. (Dex -4) [an orb of fire]
 69685 | Zot:5    | Gained mutation: Scrolls take you a little longer to read. [an orb of fire]
 69687 | Zot:5    | Killed an orb of fire
 69687 | Zot:5    | Received a gift from Okawaru
 69687 | Zot:5    | Reached skill level 10 in Conjurations
 69709 | Zot:5    | Reached skill level 10 in Summonings
 69833 | Zot:5    | Noticed an ancient lich
 69855 | Zot:5    | Killed an ancient lich
 69855 | Zot:5    | Received a gift from Okawaru
 69900 | Zot:5    | Noticed an orb of fire
 69905 | Zot:5    | Gained mutation: Your body often deteriorates upon taking damage. [an orb of fire]
 69921 | Zot:5    | Killed an orb of fire
 69971 | Zot:5    | Reached skill level 10 in Stealth
 69975 | Zot:5    | Reached skill level 10 in Earth Magic
 70004 | Zot:5    | Received a gift from Okawaru
 70037 | Zot:5    | Noticed an orb of fire
 70040 | Zot:5    | Gained mutation: You tend to lose your temper in combat. [an orb of fire]
 70050 | Zot:5    | Gained mutation: Armour fits poorly on your strangely shaped body. [an orb of fire]
 70052 | Zot:5    | Killed an orb of fire
 70084 | Zot:5    | Noticed an ancient lich
 70100 | Zot:5    | Killed an ancient lich
 70254 | Zot:5    | Noticed an ancient lich
 70272 | Zot:5    | Killed an ancient lich
 70913 | Slime:1  | Entered Level 1 of the Pits of Slime
 71422 | Slime:3  | Received a gift from Okawaru
 71422 | Slime:3  | Lost mutation: Your muscles are very strong. (Str +4) [a shining eye]
 71456 | Slime:3  | Got a crude great sword {god gift}
 71459 | Slime:3  | Identified the +2 great sword "Yfenisuh" {vamp, MR+ Dex+3} (Okawaru gifted it to you on level 3 of the Pits of Slime)
 71545 | Slime:5  | Entered Level 5 of the Pits of Slime
 71929 | Slime:5  | Found a viscous altar of Jiyva.
 71929 | Slime:5  | Noticed the Royal Jelly
 71960 | Slime:5  | Killed the Royal Jelly
 71960 | Slime:5  | Received a gift from Okawaru
 72010 | Slime:5  | Got a vibrating zirconium amulet
 72012 | Slime:5  | Got a slimy rune of Zot
 72014 | Slime:5  | Got a wavering bronze ring
 72093 | Slime:5  | Got a warped sapphire amulet
 72116 | Slime:5  | Got a brightly glowing falchion {god gift}
 72117 | Slime:5  | Identified the +1 falchion of Ammeh {venom, +Inv Dex+2} (Okawaru gifted it to you on level 5 of the Pits of Slime)
 72121 | Slime:5  | Identified the amulet of Foolhardiness {Reflect MR+ Str+3 Dex+4 SH+5} (You found it on level 5 of the Pits of Slime)
 72123 | Slime:5  | Identified the amulet "Qouhyah" {*Slow rElec Regen+ Stlth+} (You found it on level 5 of the Pits of Slime)
 72128 | Slime:5  | Identified the ring "Xapovek" {rF+ Stlth+} (You found it on level 5 of the Pits of Slime)
 72643 | Trove    | Entered a treasure trove
 72651 | Trove    | Got a steaming demon trident
 72661 | Trove    | Got an ichor-stained demon blade
 72663 | Trove    | Got a faintly glowing trident
 72671 | Trove    | Got a crystal broad axe
 72707 | Depths:1 | Identified the +0 demon trident of Wacziuth {elec, rPois Str-2 Int+2 Stlth+} (You found it in a treasure trove)
 72708 | Depths:1 | Identified the +6 trident of Fugacuekh {freeze, rN+ Str-4 Dex+3} (You found it in a treasure trove)
 72709 | Depths:1 | Identified the +3 demon blade of Blood-Lust {flame, *Corrode rN+ Int+2} (You found it in a treasure trove)
 73027 | Temple   | Fell from the grace of Okawaru
 73027 | Temple   | Became a worshipper of Dithmenos the Shadowed
 73703 | Depths:4 | Voluntarily entered the Abyss.
 73935 | Abyss:3  | Identified the Reference Book on Mutagenic Hexes
 74039 | Abyss:3  | Reached skill level 1 in Hexes
 74060 | Abyss:3  | Reached * piety under Dithmenos
 74074 | Abyss:3  | Reached skill level 1 in Translocations
 74227 | Abyss:3  | Reached ** piety under Dithmenos
 74490 | Abyss:3  | Reached *** piety under Dithmenos
 74613 | Abyss:3  | Reached skill level 15 in Spellcasting
 74729 | Abyss:3  | Paralysed by accursed screaming for 1 turns
 74757 | Abyss:3  | Reached **** piety under Dithmenos
 74849 | Abyss:3  | Lost mutation: Your mind is acute. (Int +2) [mutagenic meat]
 74855 | Abyss:3  | Lost mutation: Your body often deteriorates upon taking damage. [mutagenic meat]
 74856 | Abyss:3  | Lost mutation: You tend to lose your temper in combat. [mutagenic meat]
 75021 | Abyss:3  | Reached ***** piety under Dithmenos
 75260 | Abyss:3  | Got an abyssal rune of Zot
 75263 | Abyss:3  | Found a corrupted altar of Lugonu.
 75689 | Abyss:3  | Lost mutation: You are very clumsy. (Dex -4) [mutagenic meat]
 75839 | Depths:4 | Escaped the Abyss
 76853 | Hell     | Learned a level 9 spell: Tornado
 77073 | Pan      | Entered the realm of Cerebov.
 77073 | Pan      | Entered Pandemonium
 77749 | Pan      | Reached ****** piety under Dithmenos
 77872 | Pan      | Found an exit through the horrors of the Abyss.
 78208 | Pan      | Was forgiven by Okawaru
 78326 | Pan      | Identified the Tome of Intoxication and Evil Magic
 78595 | Pan      | Got a translucent chain mail
 78597 | Pan      | Got an encrusted plate armour
 78610 | Pan      | Identified the +6 chain mail of the Planets {MR+ Str+4} (You found it in Pandemonium)
 78620 | Pan      | Identified the +9 plate armour of Defiance {Int+5 Stlth+} (You found it in Pandemonium)
 78852 | Pan      | Lost mutation: Your body sometimes deteriorates upon taking damage. [potion of mutation]
 78852 | Pan      | Lost mutation: Your flesh is cold resistant. (rC+) [potion of mutation]
 78852 | Pan      | Lost mutation: You expend magic power (3 MP) to strengthen your wands. [potion of mutation]
 78852 | Pan      | Lost mutation: Scrolls take you a little longer to read. [potion of mutation]
 78852 | Pan      | Lost mutation: Your muscles are strong. (Str +2) [potion of mutation]
 78852 | Pan      | Lost mutation: You are clumsy. (Dex -2) [potion of mutation]
 78852 | Pan      | Gained mutation: You do not regenerate when monsters are visible. [potion of mutation]
 78852 | Pan      | Gained mutation: You evolve. [potion of mutation]
 78886 | Pan      | Noticed Cerebov
 78943 | Pan      | Reached skill level 5 in Hexes
 79000 | Pan      | Gained mutation: You are weak. (Str -2) [a cacodemon]
 79016 | Pan      | Killed Cerebov
 79204 | Pan      | Got an ancient scimitar
 79205 | Pan      | Identified the cursed +2 scimitar "Kiakkuh" {chaos, *Corrode MR++} (You found it in Pandemonium)
 79240 | Pan      | Got a fiery rune of Zot
 79404 | Pan      | Reached skill level 5 in Translocations
 79411 | Pan      | Got a shadowed robe
 79453 | Pan      | Identified the +1 robe of Capra {rElec rPois} (You took it off an efreet in Pandemonium)
 79570 | Pan      | Gained mutation: You have a pair of small horns on your head. [evolution]
 79570 | Pan      | Lost mutation: You evolve. [end of evolution]
 79665 | Pan      | Upgraded the game from 0.20-a0-947-g2784f4f to 0.20-a0-949-g916514f
 79728 | Pan      | Noticed Xury the pandemonium lord
 79748 | Pan      | Gained mutation: Your body sometimes deteriorates upon taking damage. [a cacodemon]
 79754 | Pan      | Killed Xury the pandemonium lord
 80003 | Pan      | Gained mutation: You are very weak. (Str -4) [a cacodemon]
 80004 | Pan      | Gained mutation: You expend magic power (3 MP) to strengthen your wands. [a cacodemon]
 80275 | Pan      | Gained mutation: Your body often deteriorates upon taking damage. [mutagenic meat]
 80725 | Pan      | Found a runed door.
 80806 | Pan      | Lost mutation: Armour fits poorly on your strangely shaped body. [mutagenic meat]
 80808 | Pan      | Gained mutation: Your spells are a little harder to cast, but a little more powerful. [mutagenic meat]
 80810 | Pan      | Got a demonic rune of Zot
 80898 | Pan      | Noticed Guapripn the pandemonium lord
 80953 | Pan      | Killed Guapripn the pandemonium lord
 81334 | Pan      | HP: 12/275 [hellion/damnation (29)]
 81334 | Pan      | Killed from afar by a hellion

Vault maps used:
D:1:      dpeg_arrival_stonehenge_8_columns, minmay_lizard_pond
D:2:      first_bread, grunt_gozag_statues, uniq_sigmund, uniq_natasha
D:3:      nemelex_xobeh_ov_fountains_minmay, minmay_misc_feat_roman,
          minmay_misc_feat_columns, nicolae_qazlal_eye_of_the_storm
D:4:      minmay_misc_feat_square, trog_book
D:5:      nicolae_overflow_hidden_temple, minmay_temple_entry_junction
D:6:      basic_altar, serial_shops, nicolae_shop_behind_doors
D:7:      serial_shops, nicolae_shop_statue_plus, the_bakery
D:8:      david_lair_generic
D:10:     minmay_misc_feat_four_crosses, uniq_sonja, uniq_snorg
D:11:     zombieorc2_lemuel, serial_shops, shop
D:13:     grunt_vaults_entry_tiered, kennysheep_generic_room_12, uniq_frances
D:14:     minmay_misc_feat_room, dk_noncrumbling_4
D:15:     grunt_enter_depths_snipers, hangedman_abyss_or_decor_stagger,
          serial_shops, nicolae_shop_behind_doors, uniq_rupert, uniq_urug,
          uniq_roxanne
Temple:   regret_index_temple_chain_breaker
Lair:1:   minivault_23, lemuel_fruit_tree, serial_bayou_shore_b, uniq_joseph
Lair:2:   minmay_swamp_entry_eels, pond, grunt_megastairs_5, uniq_gastronok,
          uniq_nergalle, uniq_fannar
Lair:3:   spider_nest_entry_a, small_statue_intersection,
          infiniplex_staircase_pool
Lair:5:   minmay_slime_entry_pillars, basic_altar
Lair:6:   minmay_lair_end_enchanted_forest, eino_small_chamber_without_monster,
          minmay_lair_oklob_items
Swamp:1:  hangedman_swamp_ruin_wall, swamp_pool2, roderic_carrion_pond
Swamp:2:  nicolae_swamp_rocky_clearing, uniq_kirke
Swamp:3:  nicolae_swamp_dense_foliage
Swamp:4:  swamp
Spider:1: uniq_josephine
Spider:3: uniq_asterion
Spider:4: guppyfry_spider_rune
Slime:1:  nicolae_slime_phagocytosis
Slime:3:  basic_altar
Slime:4:  cheibrodos_slime_lost_civilization_1
Orc:1:    basic_altar, portal_ice_cave_entry_imps
Orc:2:    grunt_orc_tribal_feast
Elf:1:    minmay_elf_arrival_summoners, minmay_elf_annihilation
Elf:2:    minivault_15, small_chamber_with_monster, uniq_louise
Elf:3:    minmay_elf_hall, basic_altar, moated_statue
Vaults:1: v_misc_29, nicolae_vaults_asterisk, st_cells, ontoclasm_vaults_fault,
          hangedman_vaults_snaps, grunt_vaults_hallway_short,
          nicolae_vaults_gold_heap, vaults_mumra_minichess, uniq_aizul,
          uniq_jorgrun
Vaults:2: hangedman_vaults_pinch, v_rooms_5, v_misc_1, vaults_room_semicircle,
          nicolae_vaults_network_square, v_misc_9, nicolae_vaults_network_star,
          nicolae_vaults_shelves_hall, nicolae_vaults_little_squares_5,
          serial_shops, bzr_entry_customers, basic_altar, uniq_nikola,
          uniq_xtahua
Vaults:3: nicolae_vaults_asterisk, ontoclasm_vaults_claustrophobia,
          nicolae_vaults_little_squares_6, ontoclasm_vaults_ring_small,
          minmay_crypt_entry_necro_gods, hangedman_vaults_corner,
          nicolae_vaults_windows_and_doors_thing, st_lattice,
          vaults_standard_mumra_x, ontoclasm_vaults_gateway,
          hangedman_vaults_restitches, hangedman_vaults_slice,
          nicolae_vaults_border_crossing, ontoclasm_vaults_twist,
          vaults_room_hallway
Vaults:4: ontoclasm_vaults_ring_small, v_pattern_1,
          vaults_mumra_minichess_inversion, ontoclasm_vaults_shout,
          ontoclasm_vaults_ring_square, nicolae_vaults_network_quinsquares,
          hangedman_vaults_slice, v_misc_30, nicolae_vaults_three_branches
Vaults:5: uniq_frederick
Crypt:1:  minivault_23
Crypt:2:  st_stairs_6, uniq_mara
Crypt:3:  quadcrypt_mu
Depths:1: enter_trove_0, hell_entry, serial_sigils,
          serial_sigils_hangedman_scar, serial_sigils_hangedman_gut,
          serial_sigils_hangedman_writhe, serial_sigils_hangedman_etch,
          serial_sigils_hangedman_quiver, serial_sigils_hangedman_scratch,
          kennysheep_treasure_room, serial_bayou_shore_b
Depths:2: hangedman_cross_stitches, serial_shops, nicolae_shop_waterfront,
          grunt_pan_entry_sceptre, columned_hall_lemuel, hell_entry,
          infiniplex_staircase_zigzag_5, grunt_megastairs_2, uniq_sojobo
Depths:3: grunt_profane_halls, pan_entry, hell_entry
Depths:4: evilmike_diamond_2, pf_hell_entry_great_geh, abyss_entry,
          minmay_shop_grid_forest
Depths:5: grunt_crosshair, enter_ziggurat_e, grunt_metal_band, minivault_11,
          not_door_vault_mu, uniq_jory
Zot:1:    basic_altar
Zot:2:    zot_minivault_5
Zot:4:    hangedman_zot_diagonal_lockstep
Zot:5:    grunt_ministairs_4
Abyss:1:  hangedman_decor_points
Abyss:3:  evilmike_abyss_exit_15, minivault_28
Pan:      cerebov_st, regret_index_pan_draining_boxed, pan_blood_fountain_small,
          lemuel_hellion_island
Bazaar:   bazaar_kb_twisted_cavern
Trove:    trove_weapon_1
IceCv:    ice_cave_statue_garden_chambered

Skill      XL: |  1  2  3  4  5  6  7  8  9 10 11 12 13 14 15 16 17 18 19 20 21 22 23 24 25 26 27 |
---------------+----------------------------------------------------------------------------------+-----
Long Blades    | 2 3 5 7 8 10 11 12 13 14 15 16 | 16.4
Armour         | 3 4 5 6 8 9 10 11 12 13 14 15 | 15.2
Dodging        | 2 4 5 6 7 8 10 11 12 13 14 15 | 15.1
Shields        | 4 5 6 7 8 9 10 11 12 13 14 15 16 | 16.5
Fighting       | 4 5 7 8 9 10 11 12 13 14 15 16 | 16.4
Invocations    | 4 6 8 9 |  9.0
Transmutations | 5 8 11 12 13 15 17 | 17.7
Necromancy     | 5 10 13 14 15 17 19 20 | 20.3
Spellcasting   | 2 5 7 8 9 11 12 15 | 15.6
Polearms       | 10 14 | 14.0
Conjurations   | 14 | 14.9
Summonings     | 14 | 14.9
Earth Magic    | 13 | 13.7
Stealth        | 13 | 13.1
Hexes          | 5 |  5.9
Translocations | 5 |  5.6

Action                   |  1- 3 |  4- 6 |  7- 9 | 10-12 | 13-15 | 16-18 | 19-21 | 22-24 | 25-27 || total
-------------------------+-------+-------+-------+-------+-------+-------+-------+-------+-------++-------
Melee: Long sword        |   118 |   171 |   161 |       |       |       |       |       |       ||   450
       Kick              |       |       |    97 |   336 |   859 |   574 |   947 |  1098 |  2414 ||  6325
       Rapier            |       |       |   178 |   343 |    18 |   211 |       |       |       ||   750
       Scimitar          |       |       |       |   701 |  2089 |    77 |     4 |       |       ||  2871
       Headbutt          |       |       |       |       |    68 |       |       |       |    94 ||   162
       Demon blade       |       |       |       |       |   172 |  2156 |  2206 |  1752 |       ||  6286
       Eveningstar       |       |       |       |       |       |     2 |       |       |       ||     2
       Lance             |       |       |       |       |       |       |    30 |  1208 |  5648 ||  6886
       Double sword      |       |       |       |       |       |       |       |       |   115 ||   115
 Cast: Apportation       |       |       |       |       |       |       |       |       |     1 ||     1
       Iron Shot         |       |       |       |       |       |       |       |       |     9 ||     9
       Aura of Abjuratio |       |       |       |       |       |       |       |       |     7 ||     7
       Spellforged Servi |       |       |       |       |       |       |       |       |     7 ||     7
Invok: Heroism           |       |       |     3 |    13 |    27 |    14 |    14 |    15 |     5 ||    91
       Finesse           |       |       |       |       |       |     3 |     7 |    11 |     9 ||    30
       Shadow Step       |       |       |       |       |       |       |       |       |     1 ||     1
Evoke: Wand              |       |       |       |     1 |       |       |       |     1 |     6 ||     8
  Use: Scroll            |     1 |     4 |     9 |    12 |    19 |     9 |    13 |    13 |    31 ||   111
       Potion            |     1 |     2 |     5 |     4 |     4 |     2 |     3 |     2 |    13 ||    36
 Stab: Sleeping          |       |     3 |       |     8 |       |       |       |       |    17 ||    28
       Distracted        |       |       |       |     2 |       |       |       |     3 |    27 ||    32
       Paralysed         |       |       |       |     2 |       |       |       |       |       ||     2
       Confused          |       |       |       |       |       |     7 |       |       |       ||     7
  Eat: Chunk             |     2 |    11 |    16 |    26 |    49 |    37 |    31 |    37 |    62 ||   271
       Fruit             |       |       |       |     5 |       |       |       |       |       ||     5
       Meat ration       |       |       |       |       |       |       |       |       |     5 ||     5
       Royal jelly       |       |       |       |       |       |       |       |       |     1 ||     1
       Bread ration      |       |       |       |       |       |       |       |       |     6 ||     6
Armor: Scale mail        |    43 |     4 |       |       |   360 |  1221 |   402 |   678 |   523 ||  3231
       Robe              |       |    26 |    65 |   184 |    31 |       |       |       |       ||   306
       Skin              |       |       |    25 |       |       |       |       |       |       ||    25
       Troll leather arm |       |       |       |       |   200 |       |       |       |       ||   200
       Quicksilver drago |       |       |       |       |       |       |       |    12 |       ||    12
       Fire dragon scale |       |       |       |       |       |       |       |       |   244 ||   244
Dodge: Dodged            |    38 |    52 |    93 |   429 |   934 |  1365 |   655 |  1130 |  1350 ||  6046
Block: Shield            |    53 |    64 |   138 |   477 |   892 |       |       |  1503 |  2306 ||  5433
       Large shield      |       |       |       |       |   423 |  3016 |  1731 |    80 |   920 ||  6170
       Reflection        |       |       |       |       |       |       |       |       |    94 ||    94
       Rpst.: Long sword |    13 |    15 |    11 |       |       |       |       |       |       ||    39
       Scimitar          |       |       |       |    88 |   230 |     5 |     1 |       |       ||   324
       Demon blade       |       |       |       |       |    11 |   199 |   111 |   137 |       ||   458
       Double sword      |       |       |       |       |       |       |       |       |     3 ||     3
